 Dungeon Crawl Stone Soup version 0.27.1-35-g4d5d836560 (webtiles) character file.

Game seed: 11552528893618371728

3058 Delamore the Fighter (level 9, -2/70 HPs)
             Began as an Octopode Brigand on June 27, 2022.
             Slain by a killer bee (4 damage)
             ... on level 7 of the Dungeon.
             The game lasted 00:08:48 (7454 turns).

Delamore the Fighter (Octopode Brigand)             Turns: 7454, Time: 00:08:49

Health: -2/70      AC:  4    Str: 17    XL:     9   Next: 87%
Magic:  4/9        EV: 15    Int: 14    God:
Gold:   299        SH:  7    Dex: 15    Spells: 5/8 levels left

rFire    + . .     SeeInvis .   h - +1 dagger (venom)
rCold    + . .     Faith    .   f - +2 buckler {AC+3}
rNeg     . . .     Spirit   .   (helmet restricted)
rPois    +         Reflect  .   (no amulet)
rElec    +         Harm     .   m - +6 ring of strength
rCorr    +         Rampage  .   (no ring)
Will     .....                  (no ring)
Stlth    ++++......             (no ring)
HPRegen  0.21/turn              (no ring)
MPRegen  0.11/turn              (no ring)
                                (no ring)
                                (no ring)

@: lethally poisoned (-2 -> -9), resistant, flying, very slightly contaminated
A: almost no armour, amphibious, 8 rings, camouflage 1, gelatinous body 1,
(nimble swimmer 1), tentacles
a: no special abilities


You were on level 7 of the Dungeon.
You visited 1 branch of the dungeon, and saw 7 of its levels.
You also visited: Ossuary.

You collected 299 gold pieces.

Inventory:

Hand Weapons
 a - a +2 dagger
 e - a +3 flail of freezing
 h - a +1 dagger of venom (weapon)
 u - a +2 dagger of holy wrath
 z - a +2 morningstar of freezing
Missiles
 b - a throwing net
 c - a curare-tipped dart
 k - 3 silver boomerangs
 v - 10 boomerangs
 w - 3 javelins
 A - 5 poisoned darts (quivered)
Armour
 f - a +2 buckler of protection (worn)
Jewellery
 m - a +6 ring of strength (left tentacle)
Wands
 o - a wand of mindburst (1)
 s - a wand of flame (16)
 x - a wand of iceblast (6)
Scrolls
 d - 3 scrolls of vulnerability
 i - a scroll of fog {unknown}
 j - 2 scrolls of silence {unknown}
 n - 2 scrolls of enchant weapon {unknown}
 p - 2 scrolls of holy word {unknown}
 q - 2 scrolls of magic mapping
 r - a scroll of brand weapon {unknown}
 y - a scroll of noise {unknown}
 D - 2 scrolls of teleportation {unknown}
 E - a scroll of summoning {unknown}
 H - 2 scrolls of identify
Potions
 g - 4 potions of attraction
 l - a potion of invisibility
 G - a potion of heal wounds {unknown}


   Skills:
 - Level 10.0 Fighting
 - Level 5.0 Short Blades
 + Level 4.3 Maces & Flails
 - Level 2.0 Throwing
 - Level 5.0 Dodging
 - Level 5.3 Stealth
 - Level 4.0 Shields


You had 5 spell levels left.
You knew the following spells:

 Your Spells              Type           Power      Damage    Failure   Level
a - Dazzling Flash        Conj/Hex       0%         N/A       65%         3

Your spell library contained the following spells:

 Spells                   Type           Power      Damage    Failure   Level
 Sting                    Tmut/Pois      0%         1d3       28%         1
 Poisonous Vapours        Pois/Air       0%         N/A       41%         2
 Sublimation of Blood     Necr           0%         N/A       41%         2
 Wereblood                Tmut           0%         N/A       41%         2
 Summon Guardian Golem    Hex/Summ       0%         N/A       65%         3
 Leda's Liquefaction      Hex/Erth       0%         N/A       96%         4
 Olgreb's Toxic Radiance  Pois           0%         N/A       96%         4
 Bolt of Magma            Conj/Fire/Erth 0%         4d4       100%        5
 Statue Form              Tmut/Erth      0%         N/A       100%        6
 Malign Gateway           Summ/Tloc      0%         N/A       100%        7
 Summon Hydra             Summ           0%         N/A       100%        7


Dungeon Overview and Level Annotations

Branches:
Dungeon (7/15)            Ossuary (visited)
 Temple: D:4-7

Altars:
Cheibriados
Nemelex Xobeh
Xom

Shops:
D:4 =


Innate Abilities, Weirdness & Mutations

You cannot wear most types of armour.
You are amphibious.
You can wear up to eight rings at the same time.
Your skin changes colour to match your surroundings (Stealth+).
Your rubbery body absorbs attacks. (AC +1, EV +1)
((You are camouflaged near water. (Stealth+)))
You have tentacles for arms and can constrict up to eight enemies at once.


Message History

Your squeeze misses the killer bee.
You feel sick. The killer bee closely misses you.
You block the killer bee's attack. The killer bee misses you.
The killer bee completely misses you.
You feel sick. You block the killer bee's attack. The killer bee misses you.
The killer bee closely misses you. The killer bee misses you.
You feel sick.
The killer bee stings you but does no damage.
The killer bee barely misses you. x2; The killer bee stings you.
You block the killer bee's attack.
You feel sick. The killer bee closely misses you.
You block the killer bee's attack. The killer bee barely misses you.
You feel sick. You block the killer bee's attack.
You feel sick. The killer bee closely misses you. The killer bee misses you.
You block the killer bee's attack.
You feel sick. The killer bee stings you.
You are more poisoned.
The killer bee poisons you! The killer bee closely misses you.
You feel very sick. The killer bee stings you.
* * * LOW HITPOINT WARNING * * *
The killer bee closely misses you. x2
You feel sick. The killer bee misses you. x2
You feel sick. You block the killer bee's attack. The killer bee stings you.
* * * LOW HITPOINT WARNING * * *
You are lethally poisoned!
The killer bee poisons you!
It was a potion of flight.
You feel very buoyant.
You fly up into the air.
* * * LOW HITPOINT WARNING * * *
You feel sick. The killer bee closely misses you.
The killer bee completely misses you. You block the killer bee's attack.
The killer bee completely misses you. The killer bee stings you.
* * * LOW HITPOINT WARNING * * *
Okay, then.
It was a potion of resistance.
You feel protected.
* * * LOW HITPOINT WARNING * * *
You feel sick. The killer bee stings you.
You die...

......# #...# ..#..#
#...# ..... #...#
.... #...#### #..#
#...... #
#.)#########....###..
#..##y..............#
#...@yZ.............#
##.##y..............#
#.########.....###..
#.# #..†....>.# #.#
#.....##### #.#
#..>..# ######.#
#..(..# ####......#
##...## #....(..###
#((..


You could see 3 killer bees and a centaur zombie.

Vanquished Creatures
  A cyclops (D:7)
  Grinder (D:4)
  A shadow (D:5)
  A steam dragon (D:6)
  2 water moccasins
  2 black bears
  2 ogres (D:5)
  2 phantoms (D:6)
  A centaur (D:6)
  A gnoll sergeant (D:5)
  3 scorpions
  2 elf skeletons (D:6)
  A water moccasin zombie (Ossuary)
  A water moccasin skeleton (D:5)
  2 killer bees (D:7)
  4 wights (D:6)
  A bullfrog zombie (D:5)
  A gnoll shaman (D:6)
  3 orc priests
  A hound (D:5)
  2 human skeletons (D:6)
  An iron imp (D:5)
  An iguana (D:5)
  3 orc wizards
  2 mummies (Ossuary)
  12 gnolls
  A howler monkey skeleton (D:5)
  4 adders
  2 white imps
  6 adder zombies (Ossuary)
  A worm (D:5)
  A dart slug (D:4)
  19 orcs
  2 ball pythons
  4 endoplasms
  7 giant cockroaches
  3 gnoll zombies (Ossuary)
  4 hobgoblins
  13 jackals
  3 kobolds
  2 bats
  4 frilled lizards
  6 goblins
  3 hobgoblin zombies (Ossuary)
  8 kobold zombies (Ossuary)
  10 orc zombies
  A rat (D:3)
158 creatures vanquished.

Vanquished Creatures (others)
  9 fungi (D:6)
9 creatures vanquished.

Grand Total: 167 creatures vanquished

Notes
Turn   | Place    | Note
-------+----------+-------------------------------------------
     0 | D:1      | Delamore the Octopode Brigand began the quest for the Orb.
     0 | D:1      | Reached XP level 1. HP: 14/14 MP: 1/1
    58 | D:1      | Reached XP level 2. HP: 1/20 MP: 2/2
   880 | D:1      | Found a faded altar of an unknown god.
  1330 | D:2      | Reached XP level 3. HP: 15/25 MP: 3/3
  1792 | D:2      | Reached skill level 3 in Fighting
  1792 | D:2      | Reached XP level 4. HP: 14/31 MP: 4/4
  2101 | D:2      | Identified a scroll of acquirement
  2102 | D:2      | Acquired a +2 buckler of protection
  2307 | D:3      | Found a sparkling altar of Nemelex Xobeh.
  2587 | D:3      | Found a shimmering altar of Xom.
  2860 | D:4      | Noticed a scorpion
  2874 | D:3      | Killed a scorpion
  2875 | D:3      | Reached skill level 1 in Shields
  2875 | D:3      | Reached XP level 5. HP: 32/36 MP: 5/5
  3168 | D:4      | Reached XP level 6. HP: 42/43 MP: 6/6
  3208 | D:4      | Noticed Grinder
  3219 | D:5      | Entered Level 5 of the Dungeon
  3219 | D:5      | Noticed a shadow
  3220 | D:5      | Killed a shadow
  3221 | D:5      | Reached skill level 4 in Fighting
  3227 | D:5      | Reached XP level 7. HP: 28/48 MP: 7/7
  3368 | D:4      | Killed Grinder
  3642 | D:4      | Found Talyd's Jewellery Emporium.
  4257 | D:5      | Reached XP level 8. HP: 54/54 MP: 8/8
  4269 | D:5      | Found a snail-covered altar of Cheibriados.
  4299 | D:5      | Reached skill level 5 in Fighting
  4435 | D:5      | Reached skill level 5 in Short Blades
  4435 | D:5      | Reached skill level 5 in Dodging
  5014 | D:5      | Reached skill level 6 in Fighting
  5461 | D:5      | Reached skill level 7 in Fighting
  5602 | D:6      | Found a sand-covered staircase.
  5608 | Ossuary  | Entered an ossuary
  5895 | D:6      | Reached XP level 9. HP: 66/66 MP: 9/9
  5938 | D:6      | Reached skill level 8 in Fighting
  6164 | D:6      | Reached skill level 9 in Fighting
  6605 | D:6      | Got the Incunabulum of Entrancing Dislocation
  6843 | D:6      | Reached skill level 10 in Fighting
  7250 | D:7      | Learned a level 3 spell: Dazzling Flash
  7263 | D:7      | Noticed a cyclops
  7295 | D:7      | Killed a cyclops
  7453 | D:7      | HP: 3/70 [killer bee (2)]
  7454 | D:7      | Slain by a killer bee

Illustrated notes

Levels and vault maps discovered:
D:1:      dpeg_arrival_shrine, layout_rooms,
          dreamdust_ecumenical_altar_sealed_demon
D:2:      layout_basic
D:3:      layout_loops_cross, mainiacjoe_overflow_tiny_flanked,
          nemelex_spade_bored_becter, minmay_misc_feat_ornament
D:4:      layout_basic, serial_shops, kennysheep_little_box,
          nicolae_underground_beach, uniq_grinder
D:5:      layout_basic, slow_altar_1
D:6:      layout_loops_ring, serial_aquarium, aquarium_bridge_long_joined
          [aquarium_subvault_bridge, aquarium_subvault_bridge,
          aquarium_subvault_window, aquarium_subvault_wall,
          aquarium_subvault_bridge, aquarium_subvault_bridge],
          aquarium_window_2, aquarium_window_corner, aquarium_view_2b,
          aquarium_balcony_3a, nicolae_ossuary_entry_catacombs
D:7:      layout_loops_cross, mainiacjoe_overflow_divided_tiny, temple_statues,
          moated_statue

Skill      XL: |  1  2  3  4  5  6  7  8  9 |
---------------+----------------------------+-----
Dodging        | 2 3 4 5 |  5.0
Fighting       | 3 4 7 10 | 10.0
Short Blades   | 3 4 5 |  5.0
Shields        | 1 2 3 4 |  4.0
Maces & Flails | 4 |  4.3
Throwing       | |  2.0
Stealth        | |  5.3

Action                   |  1- 3 |  4- 6 |  7- 9 || total
-------------------------+-------+-------+-------++-------
Melee: Dagger            |    44 |    49 |   277 ||   370
       Constrict         |    11 |    16 |    57 ||    84
       Tentacles         |     6 |    14 |    73 ||    93
Throw: Dart              |     7 |     6 |    24 ||    37
       Boomerang         |       |       |     7 ||     7
       Throwing net      |       |       |     4 ||     4
Evoke: Wand              |       |       |     3 ||     3
  Use: Scroll            |       |     3 |     1 ||     4
       Potion            |       |       |    10 ||    10
 Stab: Sleeping          |     6 |     4 |    30 ||    40
       Distracted        |     2 |       |     1 ||     3
       Held in net/web   |       |       |     1 ||     1
Armor: Skin              |       |    10 |    29 ||    39
Dodge: Dodged            |    25 |    27 |   148 ||   200
Block: Buckler           |       |    14 |    86 ||   100
